AoeStats
← maikelvdweegen

Arabia

508507984Analyzed
1v1 RM · 8d ago on Sep 22, 2026· 20m 43s· 2 players
Game mode
Random Map
Map size
Tiny (2 player)
Population
200
Speed
Normal
Resources
Standard
Victory
Conquest
Starting age
Dark Age
Ending age
Imperial Age
RankedLock teamsTeams togetherTeam positionsShared explorationLock speedFull tech treeHidden civsTurbo modeCheats
Victory
Defeat
🇨🇿 Berbers · Czechia
681
+16
🇳🇱 Portuguese · Netherlands
687
-29
Havlajs
8:05 Loom
10:13 Feudal Age
10:58 Horse Collar
16:12 Scale Barding Armor
16:18 Forging
18:21 Bloodlines
19:23 Wheelbarrow
maikelvdweegen
11:53 Feudal Age
19:14 Castle Age
18:06 Horse Collar
18:13 Double-Bit Axe
20:22 Bow Saw
20:17 Heavy Plow
Connection lost

Rejoining the realm…

Still unreachable

The connection could not be restored.

Session expired

The server has moved on; the page needs a fresh start.